Unix NetHack Version 5.0.0-0 post-release - last build May 10 2026 23:12:36 (d1fa5d53e341ca933230fdaa984d921c805b60aa,branch:main).

Game began 2026-05-15 00:57:18, ended 2026-05-15 01:07:40.

ArrBianca, lawful female dwarven Archeologist

                                        #      -----
                                      --.--    |...|
                                   ###....|    |...|
                    #              #  |.>.|    |...|
            --------|------ ##0#####  |...|   x@e).)#
          ##..............|## ####### .....####---+-
          # |..............####       |...|#
       #### |.............|#          -----#
       #    |.............|                #
 ------#    |.............|                #
 |....|#    ---------------                #
 |.....#                                 ###
 |....|                                  #------+------
 |.....############                      #|....<......|
 |....|                                  #|...........|
 ------                                  #-...........|
                                          |...........|
                                          |...........|
                                          -------------

ArrBianca the Field Worker  St:15 Dx:9 Co:14 In:16 Wi:16 Ch:8  Lawful
Dlvl:4  $:64 HP:0(30) Pw:10(10) AC:9  Xp:3 T:2000 

Latest messages:
 The grid bug bites!
 You get zapped!
 The grid bug bites!
 You get zapped!
 The grid bug bites!
 You get zapped!
 The grid bug bites!
 You get zapped!
 The grid bug bites!
 You get zapped!
 The grid bug bites!
 You get zapped!
 The grid bug bites!
 You get zapped!
 The grid bug bites!
 You get zapped!
 The grid bug bites!
 You get zapped!
 The grid bug bites!
 You get zapped!
 The grid bug bites!
 You get zapped!
 The grid bug bites!
 You get zapped!
 The grid bug bites!
 You get zapped!
 The grid bug bites!
 You get zapped!
 The grid bug bites!
 You get zapped!
 The grid bug bites!
 You get zapped!
 The grid bug bites!
 You get zapped!
 The grid bug bites!
 You get zapped!
 The grid bug bites!
 You get zapped!
 The grid bug bites!
 You get zapped!
 The grid bug bites!
 You get zapped!
 The grid bug bites!
 You get zapped!
 The grid bug bites!
 You get zapped!
 The grid bug bites!
 You get zapped!
 You die...
 Do you want an account of creatures vanquished? [ynaq] (y) q

Inventory:
 Coins    ('$')
  $ - 64 gold pieces
 Weapons  (')')
  E - a cursed -3 dart (at the ready)
  a - a +2 bullwhip (weapon in right hand)
 Armor    ('[')
  c - an uncursed +0 fedora (being worn)
  b - an uncursed +0 leather jacket (being worn)
 Comestibles  ('%')
  s - an uncursed cram ration
  d - 4 uncursed food rations
  C - an uncursed pancake
  i - 5 uncursed homemade tins of jackal meat
  n - 3 uncursed lichen corpses
 Scrolls  ('?')
  x - an uncursed scroll of confuse monster
  u - an uncursed scroll of light
  j - a cursed scroll of remove curse
  z - an uncursed scroll of teleportation
 Spellbooks  ('+')
  q - an uncursed spellbook of healing
 Potions  ('!')
  y - a blessed potion of enlightenment
  w - an uncursed potion of enlightenment
  r - 5 uncursed potions of healing
  v - an uncursed potion of water
 Rings    ('=')
  m - an uncursed ring of cold resistance
  D - an uncursed ring of fire resistance
  o - an uncursed ring of searching
 Wands    ('/')
  B - a wand of light (0:13)
 Tools    ('(')
  h - an empty uncursed sack
  e - a +0 pick-axe (alternate weapon; not wielded)
  f - a tinning kit (0:65)
 Gems/Stones  ('*')
  g - an uncursed touchstone

ArrBianca the Archeologist's attributes:

Background:
 You were a Field Worker, a level 3 female dwarven Archeologist.
 You were lawful, nominally on a mission for Quetzalcoatl
 who was opposed by Camaxtli (neutral) and Huhetotl (chaotic).
 You were right-handed.
 You were in the Dungeons of Doom, on level 4.
 You entered the dungeon 2000 turns ago.
 It was nighttime.
 You had 72 experience points, 8 more were needed to attain level 4.

Basics:
 You had 0 out of 30 hit points.
 You had all 10 energy points (spell power).
 Your armor class was 9.
 Your wallet contained 64 zorkmids.
 Autopickup was on for '$?!/="+%' plus thrown, with exceptions.

Final Characteristics:
 Your strength was 15 (limit:18/100).
 Your dexterity was 9 (limit:20).
 Your constitution was 14 (limit:20).
 Your intelligence was 16 (limit:16).
 Your wisdom was 16 (limit:16).
 Your charisma was 8 (limit:16).

Final Status:
 You weren't hungry.
 You were unencumbered.
 You were wielding a whip.
 You had basic skill with whip.

Final Attributes:
 You were devoutly aligned.
 You had automatic searching.
 You had infravision.
 You were lucky.
 You are dead.

Miscellaneous:
 You didn't encounter any bones levels.
 Total elapsed playing time was 10 minutes and 22 seconds.

Major events:
 Turn
    1: ArrBianca the lawful female dwarven Archeologist entered the dungeon
 1074: attained the rank of Field Worker (level 3)
 2000: killed by a grid bug, while frozen by a floating eye's gaze

You didn't know any spells.

Skills:
 Fighting Skills
   bare handed combat [Unskilled]
   two weapon combat  [Unskilled]
   riding             [Unskilled]
 Weapon Skills
   dagger             [Unskilled]
   knife              [Unskilled]
   pick-axe           [Basic]
   short sword        [Unskilled]
   saber              [Unskilled]
   club               [Unskilled]
   quarterstaff       [Unskilled]
   sling              [Unskilled]
   dart               [Unskilled]
   boomerang          [Unskilled]
   whip               [Basic]
   unicorn horn       [Unskilled]
 Spellcasting Skills
   attack spells      [Unskilled]
   healing spells     [Unskilled]
   divination spells  [Unskilled]
   matter spells      [Unskilled]

Voluntary challenges:
 Character rerolling was not enabled.
 You were an atheist.
 You never had a pet.
 You never genocided any monsters.
 You never polymorphed an object.
 You never changed form.
 You used no wishes.
Achievement:
 You attained the rank of Field Worker.

 The Dungeons of Doom: levels 1 to 4
    Level 1:
       A fountain.
    Level 2:
       A fountain.
    Level 3:
    Level 4: <- You were here.
       Final resting place for
          you, killed by a grid bug, while frozen by a floating eye's gaze.


Vanquished creatures:
  a kobold leader
  a giant bat
  a yellow mold
  a gnome zombie
  a gecko
 10 jackals
  a fox
  a kobold
  a goblin
  3 grid bugs
  3 lichens
  4 newts
28 creatures vanquished.

No species were genocided or became extinct.

Game over:
                       ----------
                      /          \
                     /    REST    \
                    /      IN      \
                   /     PEACE      \
                  /                  \
                  |    ArrBianca     |
                  |      64 Au       |
                  | killed by a grid |
                  |       bug        |
                  |                  |
                  |                  |
                  |       2026       |
                 *|     *  *  *      | *
        _________)/\\_//(\/(/\)/\//\/|_)_______

Goodbye ArrBianca the Archeologist...

You died in The Dungeons of Doom on dungeon level 4 with 506 points,
and 64 pieces of gold, after 2000 moves.
You were level 3 with a maximum of 30 hit points when you died.

